 Dungeon Crawl Stone Soup version 0.30-a0-168-g0b976cbdc4 (webtiles) character file.

Game seed: 15848334738898754767

91 qw the Chopper (level 4, -4/28 HPs)
             Began as a Gargoyle Fighter on Sept 29, 2022.
             Slain by a gnoll
             ... wielding a +0 halberd
              (7 damage)
             ... on level 2 of the Dungeon.
             The game lasted 00:00:37 (1481 turns).

qw the Chopper (Gargoyle Fighter)                   Turns: 1481, Time: 00:00:38

Health: -4/28      AC: 10    Str: 22    XL:     4   Next: 57%
Magic:  4/4        EV:  9    Int:  8    God:
Gold:   107        SH:  4    Dex:  9    Spells: 3/3 levels left

rFire   . . .      SeeInvis .    Y - +0 war axe
rCold   . . .      Faith    .    c - +0 buckler
rNeg    + . .      Spirit   .    b - +0 scale mail
rPois   inf        Reflect  .    (no helmet)
rElec   +          Harm     .    (no cloak)
rCorr   .          Rampage  .    (no gloves)
Will    .....                    (no boots)
Stlth   ..........               (no amulet)
HPRegen 0.00/turn                (no ring)
MPRegen 0.09/turn                (no ring)

@: inhibited regen
A: sickness immunity, AC +3, negative energy resistance 1, electricity
resistance, torment resistance 1, petrification resistance, inhibited
regeneration
a: no special abilities


You were on level 2 of the Dungeon.
You visited 1 branch of the dungeon, and saw 2 of its levels.

You collected 107 gold pieces.


Innate Abilities, Weirdness & Mutations

You are immune to sickness and miasma.
Your stone body is resilient. (AC +3)
You are immune to poison.
You resist negative energy. (rN+)
You are resistant to electric shocks. (rElec)
You are resistant to unholy torment.
You are immune to petrification.
You do not regenerate when monsters are visible.


   Skills:
 - Level 3.2 Fighting
 + Level 4.2 Axes
 - Level 3.2 Armour
 - Level 3.2 Shields


You had 3 spell levels left.
You didn't know any spells.
Your spell library was empty.

Inventory:

Hand Weapons
 f - a +0 whip
 Y - a +0 war axe (weapon)
Armour
 b - a +0 scale mail (worn)
 c - a +0 buckler (worn)
 e - a +0 helmet
Scrolls
 a - 3 scrolls of identify
Potions
 d - a potion of might
 g - a potion of magic {unknown}
 j - a potion of haste
 o - a potion of attraction
 p - a potion of cancellation {unknown}

Dungeon Overview and Level Annotations

Branches:
Dungeon (2/15)

Altars:

Shops:
D:1 =


Message History

1469 ||| Stepping ~*~*~tactically~*~*~ (stealth).
The gnoll attacks as you move away! The gnoll hits you but does no damage.
You see here a jackal corpse.
1470 ||| Stepping ~*~*~tactically~*~*~ (stealth).
You hit the gnoll.
The gnoll is heavily wounded.
The gnoll hits you with a +0 flail.
You slash the gnoll!
You kill the gnoll!
You barely miss the gnoll. The gnoll hits you with a +0 club.
The gnoll hits you but does no damage. The gnoll completely misses you.
You hit the gnoll but do no damage. You block the gnoll's attack.
The gnoll hits you with a +0 club.
You closely miss the gnoll.
The gnoll hits you from afar with a +0 halberd.
The gnoll barely misses you.
You barely miss the gnoll. The gnoll hits you but does no damage.
The gnoll closely misses you. You block the gnoll's attack.
The gnoll closely misses you.
You closely miss the gnoll. The gnoll hits you but does no damage.
The gnoll hits you with a +0 club.
You slash the gnoll!
The gnoll is heavily wounded.
The gnoll hits you from afar with a +0 halberd!
The gnoll hits you with a +0 club.
You closely miss the gnoll.
The gnoll is heavily wounded.
You block the gnoll's attack. The gnoll barely misses you. x2
You block the gnoll's attack.
You hit the gnoll.
The gnoll is severely wounded.
The gnoll hits you from afar with a +0 halberd.
The gnoll barely misses you.
You slash the gnoll!
You kill the gnoll!
You closely miss the rat. The rat misses you.
The gnoll hits you from afar with a +0 halberd!
You die...

#### #...######
#........# #........#
#.
####........########.(
..!....%............#
........gr..........#
...)...##)@.........#
.......
#...........#.#
..r....
#...........#.#
.......
#####......##.#
....h.. +......##.#
....... #.........#
..r.... ####.##....#
...........#
...........#


You could see a gnoll and a rat.

Vanquished Creatures
  Robin (D:2)
  An adder (D:2)
  2 gnolls (D:2)
  2 dart slugs
  A ball python (D:1)
  5 endoplasms
  3 giant cockroaches
  4 goblins
  10 hobgoblins
  7 jackals (D:2)
  2 kobolds (D:1)
  3 quokkas
  5 bats
  2 frilled lizards (D:1)
  3 rats
51 creatures vanquished.

Notes
Turn   | Place    | Note
-------+----------+-------------------------------------------
     0 | D:1      | qw the Gargoyle Fighter began the quest for the Orb.
     0 | D:1      | Reached XP level 1. HP: 14/14 MP: 1/1
     0 | D:1      | 0 ||| qw: Version: 0.2-a-12-gaebbb33
     0 | D:1      | 0 ||| qw: Game counter: 1251
     0 | D:1      | 0 ||| qw: Always use a shield: true
     0 | D:1      | 0 ||| qw: God list: Okawaru
     0 | D:1      | 0 ||| qw: Allow faded altars: false
     0 | D:1      | 0 ||| qw: Do Orc after D:15 true
     0 | D:1      | 0 ||| qw: Do second Lair branch before Depths: true
     0 | D:1      | 0 ||| qw: Lair rune preference: random
     0 | D:1      | 0 ||| qw: Plans: Normal, Zot:1-4, God:TSO, Crypt, Tomb,
                  | Pan, Slime:5, Hells, Abyss, Orb
     0 | D:1      | 0 ||| PLANNING D:1-11
    68 | D:1      | 68 ||| Stepping ~*~*~tactically~*~*~ (hiding).
    70 | D:1      | 70 ||| Stepping ~*~*~tactically~*~*~ (hiding).
    72 | D:1      | Reached skill level 2 in Axes
   187 | D:1      | Reached XP level 2. HP: 19/19 MP: 2/2
   189 | D:1      | 189 ||| Stepping ~*~*~tactically~*~*~ (stealth).
   403 | D:1      | Found Xer Gieq's Jewellery Emporium.
   477 | D:1      | 477 ||| SHOPLISTING +4 ring of evasion (504 gold, have 26).
   477 | D:1      | 477 ||| SHOPLISTING amulet of guardian spirit (420 gold,
                  | have 26).
   477 | D:1      | 477 ||| SHOPLISTING ring of fire (350 gold, have 26).
   477 | D:1      | 477 ||| SHOPLISTING ring of ice (350 gold, have 26).
   477 | D:1      | 477 ||| SHOPLISTING ring of protection from cold (350 gold,
                  | have 26).
   477 | D:1      | 477 ||| SHOPLISTING ring of see invisible (210 gold, have
                  | 26).
   559 | D:1      | Reached skill level 3 in Axes
   772 | D:1      | Reached XP level 3. HP: 23/23 MP: 3/3
   867 | D:1      | 867 ||| DROPPING orb of mayhem.
   868 | D:1      | 868 ||| READING 4 scrolls labelled PUCLYK FAEGE.
   869 | D:1      | 869 ||| READING scroll labelled XUCEUHAUGG.
   870 | D:1      | 870 ||| READING scroll labelled GIVAJYODAO.
   871 | D:1      | 871 ||| READING scroll labelled FOLEOGU PUEST.
   872 | D:1      | 872 ||| READING scroll labelled ZACAUMU UFES.
   873 | D:1      | 873 ||| DRINKING 2 metallic white potions.
   873 | D:1      | Gained mutation: You are vulnerable to cold. (rC-) [potion
                  | of mutation]
   873 | D:1      | Gained mutation: You have hidden genetic potential. [potion
                  | of mutation]
   874 | D:1      | 874 ||| DRINKING potion of mutation.
   874 | D:1      | Lost mutation: You have hidden genetic potential. [potion
                  | of mutation]
   874 | D:1      | Lost mutation: You are vulnerable to cold. (rC-) [potion of
                  | mutation]
   874 | D:1      | Gained mutation: You do not regenerate when monsters are
                  | visible. [potion of mutation]
   875 | D:1      | 875 ||| READING 3 scrolls of identify.
   875 | D:1      | 875 ||| IDENTIFYING emerald potion
   876 | D:1      | 876 ||| READING 2 scrolls of identify.
   876 | D:1      | 876 ||| IDENTIFYING metallic sapphire potion
   877 | D:1      | 877 ||| DROPPING potion of ambrosia.
  1123 | D:2      | 1123 ||| FLEEEEING.
  1124 | D:2      | 1124 ||| FLEEEEING.
  1125 | D:2      | 1125 ||| FLEEEEING.
  1126 | D:2      | 1126 ||| FLEEEEING.
  1127 | D:2      | 1127 ||| FLEEEEING.
  1128 | D:2      | 1128 ||| FLEEEEING.
  1129 | D:2      | 1129 ||| FLEEEEING.
  1130 | D:2      | 1130 ||| FLEEEEING.
  1131 | D:2      | 1131 ||| FLEEEEING.
  1132 | D:2      | 1132 ||| FLEEEEING.
  1133 | D:2      | 1133 ||| STAIRDANCE
  1177 | D:1      | 1177 ||| DRINKING 2 red potions.
  1178 | D:1      | 1178 ||| READING 2 scrolls of identify.
  1178 | D:1      | 1178 ||| IDENTIFYING lumpy puce potion
  1179 | D:1      | 1179 ||| DROPPING potion of brilliance.
  1204 | D:2      | Noticed Robin
  1214 | D:2      | Reached XP level 4. HP: 20/28 MP: 4/4
  1218 | D:2      | Killed Robin
  1219 | D:2      | Reached skill level 4 in Axes
  1362 | D:2      | 1362 ||| DROPPING +0 club.
  1461 | D:2      | 1461 ||| Stepping ~*~*~tactically~*~*~ (stealth).
  1469 | D:2      | 1469 ||| Stepping ~*~*~tactically~*~*~ (stealth).
  1470 | D:2      | 1470 ||| Stepping ~*~*~tactically~*~*~ (stealth).
  1478 | D:2      | HP: 7/28 [gnoll/+0 club (2)]
  1480 | D:2      | HP: 3/28 [gnoll/+0 halberd (4)]
  1481 | D:2      | Slain by a gnoll

Levels and vault maps discovered:
D:1:      onia_arrival_mini_maze_b, layout_rooms, serial_shops, shop_fountains,
          hex_tiny, chequers_serial_rivers_micro_c
D:2:      layout_basic, chequers_ecumenical_altar_simple, uniq_robin,
          uniq_jessica

Skill      XL: |  1  2  3  4 |
---------------+-------------+-----
Axes           | 2 3 4 |  4.2
Fighting       | |  3.2
Armour         | |  3.2
Shields        | |  3.2

Action                   |  1- 3 |  4- 6 || total
-------------------------+-------+-------++-------
Melee: War axe           |    99 |    24 ||   123
  Use: Scroll            |     8 |       ||     8
       Potion            |     3 |       ||     3
Armor: Scale mail        |    87 |    20 ||   107
Dodge: Dodged            |    67 |    25 ||    92
Block: Buckler           |    22 |     6 ||    28

Table legend:
 A = Non-vault XP
 B = Vault XP
 C = Vault XP percentage of total XP
 D = Non-vault monster count
 E = Vault monster count
 F = Vault count percentage of total count
                 A         B        C        D         E       F
            +---------+---------+-------+---------+---------+-------
      Total |     109 |      36 |  24.8 |      39 |      12 |  23.5
            +---------+---------+-------+---------+---------+-------
        D:1 |      36 |       0 |   0.0 |      21 |       0 |   0.0
        D:2 |      73 |      36 |  33.0 |      18 |      12 |  40.0
            +---------+---------+-------+---------+---------+-------
